 Dungeon Crawl Stone Soup version 0.21.1-1-g345015f (webtiles) character file.

95 Kairos the Covered (level 4, -1/40 HPs)
             Began as a Deep Dwarf Fighter on Apr 24, 2018.
             Was an Initiate of Makhleb.
             Slain by a sky beast (3 damage)
             ... on level 2 of the Dungeon.
             The game lasted 00:04:06 (2005 turns).

Kairos the Covered (Deep Dwarf Fighter)             Turns: 2005, Time: 00:04:06

Health: -1/40      AC: 10    Str: 20    XL:     4   Next: 40%
Magic:  4/4        EV:  5    Int:  9    God:    Makhleb [......]
Gold:   2          SH: 11    Dex: 12    Spells: 3/3 levels left

rFire    . . .     SeeInvis .   a - +0 war axe
rCold    . . .     Gourm    .   c - +0 shield
rNeg     . . .     Faith    .   i - +0 chain mail
rPois    .         Spirit   .   (no helmet)
rElec    .         Reflect  +   (no cloak)
rCorr    .         Harm     .   (no gloves)
MR       .....                  q - +0 pair of boots
Stlth    ..........             m - +2 amulet of reflection
HPRegen  0.00/turn              (no ring)
MPRegen  0.09/turn              (no ring)

@: non-regenerating
A: damage resistance, heal wounds, sense surroundings 1, no regeneration
a: Heal Wounds, Renounce Religion


You were on level 2 of the Dungeon.
You worshipped Makhleb.
Makhleb was noncommittal.
You were not hungry.

You visited 1 branch of the dungeon, and saw 3 of its levels.

You collected 92 gold pieces.
You spent 90 gold pieces at shops.

Inventory:

Hand Weapons
 a - a +0 war axe (weapon)
 k - a +2 whip of freezing
Armour
 b - a +0 scale mail
 c - a +0 shield (worn)
 i - a +0 chain mail (worn)
 q - a +0 pair of boots (worn)
Jewellery
 m - a +2 amulet of reflection (around neck)
Wands
 s - a wand of random effects (24)
Scrolls
 e - a scroll of magic mapping {unknown}
 h - 2 scrolls of enchant weapon {unknown}
 j - 2 scrolls of fear {unknown}
 l - 2 scrolls of teleportation {unknown}
 n - a scroll of random uselessness {unknown}
 o - 3 scrolls of identify {unknown}
 p - 2 scrolls of remove curse {unknown}
 r - a scroll of blinking {unknown}
 u - a scroll of immolation {unknown}
Potions
 d - 3 potions of might
 g - a potion of curing
 t - a potion of haste {unknown}
Comestibles
 f - 4 rations
 v - a chunk of flesh


   Skills:
 + Level 2.9 Fighting
 + Level 3.6 Axes
 + Level 3.9 Armour
 + Level 1.1 Dodging
 + Level 3.9 Shields


You had 3 spell levels left.
You didn't know any spells.

Dungeon Overview and Level Annotations

Branches:
Dungeon (3/15)

Altars:
Makhleb
Wu Jian
Zin

Annotations:
D:3 cultivahabas's ghost, amateur TrMo


Innate Abilities, Weirdness & Mutations

You are resistant to damage.
You can heal yourself by infusing magical energy.
You passively map a small area around you.
You do not regenerate.


Message History

Something hits you but does no damage.
You miss something. You block something's attack.
A sky beast appears from thin air!
Reactivating autopickup.
The sky beast hits you.
* * * LOW HITPOINT WARNING * * *
The sky beast shocks you.
* * * LOW HITPOINT WARNING * * *
The sky beast flickers out of sight!
Deactivating autopickup; reactivate with Ctrl-A.
You see here a club.
There is a stone staircase leading up here.
Something hits you.
* * * LOW HITPOINT WARNING * * *
Something shocks you.
* * * LOW HITPOINT WARNING * * *
You climb upwards.
There is a stone staircase leading down here.
Something hits you.
You die...

#............#............#.
#............#######+####.## ###
#............# #.####'## ..#
#...[........# #........ ..#
#............# #........ ..#
#............# ####........ ..#
#............####........... ..#
#.........>..+..............
..####..........@.#..............
....##............#..............
....#######.###'##...............
....# ##...# #.##.........###+##
....# #..#.###'##.........###.#.
....# #.................[..##.#.
....####.#................#..#.#.
....'.....##............##...#.#.
....#.....#.#..........#.#....)##


There were no monsters in sight!

Vanquished Creatures
  4 adders
  An ooze (D:2)
  A dart slug (D:3)
  A leopard gecko (D:2)
  8 giant cockroaches
  5 goblins
  5 hobgoblins
  3 jackals (D:3)
  8 kobolds
  A quokka (D:2)
  A ball python (D:1)
  8 bats
  4 rats
50 creatures vanquished.

Notes
Turn   | Place    | Note
-------+----------+-------------------------------------------
     0 | D:1      | Kairos the Deep Dwarf Fighter began the quest for the Orb.
     0 | D:1      | Reached XP level 1. HP: 20/20 MP: 1/1
   141 | D:1      | Reached XP level 2. HP: 25/27 MP: 2/2
   732 | D:2      | Reached XP level 3. HP: 27/33 MP: 3/3
  1014 | D:2      | Found an ornate altar of the Wu Jian Council.
  1411 | D:3      | Found a burning altar of Makhleb.
  1415 | D:3      | Became a worshipper of Makhleb the Destroyer
  1537 | D:3      | Reached XP level 4. HP: 16/40 MP: 4/4
  1557 | D:3      | Reached skill level 1 in Dodging
  1564 | D:3      | Noticed a sky beast
  1820 | D:3      | Noticed cultivahabas's ghost (amateur TrMo)
  1824 | D:3      | Found Zin's Purification Station.
  1826 | D:3      | Found a glowing silver altar of Zin.
  1829 | D:3      | Bought a potion of curing for 90 gold pieces
  2003 | D:3      | HP: 2/40 [something (2)]
  2005 | D:2      | Slain by a sky beast

Skill      XL: |  1  2  3  4 |
---------------+-------------+-----
Axes           | 3 |  3.6
Dodging        | 1 |  1.1
Fighting       | |  2.9
Armour         | |  3.9
Shields        | |  3.9

Action                   |  1- 3 |  4- 6 || total
-------------------------+-------+-------++-------
Melee: War axe           |   144 |    53 ||   197
Evoke: Wand              |       |     1 ||     1
  Use: Potion            |       |     3 ||     3
  Eat: Chunk             |     2 |     2 ||     4
Armor: Scale mail        |    20 |       ||    20
       Chain mail        |    65 |    40 ||   105
Dodge: Dodged            |    45 |     9 ||    54
Block: Shield            |    96 |    33 ||   129
